Map: Blackpink LE

Players

bakahentai - Winner!

  • Race: Zerg Zerg
  • League: Diamond
  • Spawn Location: 7:00

Trizztein

  • Race: Terran Terran
  • League: Diamond
  • Spawn Location: 1:00

VOD

Have the link to the VOD?

Description

Time

  • Played on: March 3, 2018, 11:28 a.m.
  • Length: 12:37
Show
View Real Time Build Order
Export as new Build Order

bakahentai Zerg - Winner!

Build Orders: Hatch First 

Get SALT Encoding   

  12  0:11  Drone  
  12  0:12  Overlord  
  13  0:17  Drone  
  14  0:32  Drone  
  14  0:33  Drone  
  16  0:44  Drone  
  17  0:54  Hatchery  
  16  0:58  Drone  
  16  1:00  Extractor  
  16  1:05  Drone  
  17  1:16  Spawning Pool  
  16  1:19  Drone  
  17  1:27  Drone  
  18  1:38  Drone  
  19  1:48  Overlord  
  19  2:03  Metabolic Boost, Queen  
  19  2:06  Queen  
  23  2:08  Zergling x2  
  23  2:11  Zergling x2  
  23  2:14  Drone  
  26  2:20  Drone x2  
  28  2:33  Drone x2  
  30  2:38  Baneling Nest  
  29  2:45  Zergling x4  
  29  2:50  Overlord  
  31  2:55  Zergling x2  
  32  3:03  Zergling x4  
  35  3:12  Zergling x2  
  35  3:17  Zergling x8  
  35  3:18  Zergling x6  
  42  3:27  Overlord  
  42  3:38  Drone  
  42  3:39  Drone  
  44  3:46  Drone x2, Hatchery  
  45  3:53  Drone x3  
  45  3:56  Drone  
  45  4:01  Drone x2  
  46  4:06  Baneling x3  
  46  4:07  Baneling x2  
  46  4:10  Drone  
  47  4:17  Drone  
  47  4:18  Drone x2  
  50  4:25  Overlord  
  50  4:30  Overlord x2  
  46  4:33  Drone x2  
  46  4:37  Spore Crawler  
  44  4:39  Spore Crawler  
  43  4:48  Lair  
  43  4:51  Drone x3  
  43  4:52  Extractor  
  45  4:57  Extractor  
  45  4:58  Extractor  
  43  5:02  Queen  
  45  5:10  Queen  
  45  5:13  Spore Crawler  
  46  5:14  Zergling x6  
  46  5:15  Zergling x2  
  50  5:27  Zergling x12  
  56  5:32  Baneling x2  
  56  5:33  Baneling x4  
  56  5:38  Overlord  
  56  5:45  Overlord  
  55  5:51  Queen  
  55  5:55  Queen  
  59  6:01  Drone x2  
  59  6:03  Drone  
  62  6:05  Drone  
  63  6:12  Drone  
  63  6:13  Drone x2  
  63  6:14  Overseer  
  66  6:22  Drone x3  
  66  6:23  Drone  
  68  6:32  Drone x4  
  72  6:43  Overlord  
  72  6:45  Overlord x2  
  72  6:47  Overlord  
  68  6:55  Queen  
  68  6:58  Drone  
  68  6:59  Spire  
  70  7:03  Drone x2  
  70  7:04  Drone  
  70  7:08  Drone x2  
  75  7:09  Drone  
  75  7:11  Drone  
  75  7:12  Drone  
  78  7:24  Overseer  
  78  7:27  Baneling x3  
  78  7:28  Baneling x3  
  78  7:36  Overlord x2  
  76  7:42  Overlord x2  
  71  7:49  Drone x4  
  71  7:50  Drone x6  
  81  7:52  Extractor  
  81  7:53  Extractor  
  81  7:54  Queen  
  81  7:58  Drone  
  81  7:59  Drone x5  
  87  8:08  Zergling x4  
  87  8:12  Mutalisk x2  
  93  8:25  Mutalisk x7  
  93  8:26  Mutalisk x2  
  111  8:43  Mutalisk x4  
  119  8:49  Hatchery  
  119  8:51  Evolution Chamber  
  119  8:52  Evolution Chamber  
  116  8:59  Extractor  
  116  9:01  Zerg Flyer Weapons Level 1  
  113  9:17  Roach Warren  
  113  9:18  Zerg Missile Weapons Level 1, Zerg Ground Armor Level 1  
  112  9:58  Glial Reconstitution  
  112  9:59  Roach  
  126  10:00  Roach x19  
  152  10:07  Drone, Spore Crawler  
  152  10:13  Overlord x2, Hydralisk Den  
  151  10:18  Queen  
  129  11:05  Extractor  
  129  11:11  Muscular Augments, Hydralisk x6  
  128  11:12  Hydralisk x7  
  128  11:13  Hydralisk x5  
  128  11:16  Hatchery, Infestation Pit  
  159  11:32  Drone x6  
  160  11:33  Drone x3  
  162  11:40  Hydralisk x2  
  162  11:45  Drone  
  167  11:47  Overlord x3  
  167  12:12  Hydralisk x7  
  167  12:13  Hydralisk x2  
Show
View Real Time Build Order
Export as new Build Order

Trizztein Terran 

Build Orders: Reaper Expand, Hellion Banshee 

Get SALT Encoding   

  12  0:01  SCV  
  13  0:13  SCV  
  14  0:17  Supply Depot  
  14  0:25  SCV  
  15  0:39  SCV  
  15  0:40  Barracks  
  16  0:45  Refinery  
  16  0:51  SCV  
  17  1:03  SCV  
  18  1:15  SCV  
  19  1:27  Orbital Command  
  19  1:28  Reaper  
  20  1:40  Command Center  
  20  1:53  Supply Depot  
  20  1:54  SCV  
  20  1:59  Marine  
  22  2:06  Factory  
  22  2:10  SCV  
  22  2:11  Refinery  
  23  2:21  Barracks Reactor  
  23  2:22  SCV  
  24  2:34  SCV  
  25  2:46  SCV  
  26  2:54  Starport  
  26  2:57  Orbital Command  
  26  2:58  SCV  
  26  3:03  Hellion x2  
  31  3:09  Barracks Tech Lab  
  31  3:11  SCV  
  32  3:22  Supply Depot  
  32  3:23  SCV x2  
  34  3:30  Supply Depot  
  34  3:35  SCV x2  
  34  3:40  Hellion  
  40  3:41  Hellion  
  40  3:43  Banshee, Cloaking Field  
  40  3:47  SCV  
  40  4:02  Hellion  
  37  4:03  Hellion  
  37  4:11  Bunker  
  37  4:12  Engineering Bay  
  37  4:18  Bunker  
  37  4:23  Hellion, Supply Depot  
  39  4:42  Supply Depot  
  39  4:44  Banshee  
  42  4:46  SCV  
  42  4:48  Orbital Command  
  42  4:51  Hellion  
  45  5:08  SCV  
  45  5:11  Hellion, Supply Depot  
  48  5:14  SCV  
  48  5:20  SCV  
  50  5:22  Armory  
  50  5:26  SCV, Supply Depot  
  50  5:27  Viking  
  53  5:31  Supply Depot  
  53  5:32  SCV  
  54  5:38  SCV  
  55  5:44  SCV  
  56  5:52  SCV  
  56  5:55  Hellion x2  
  56  5:57  SCV  
  62  5:59  Refinery, Factory x2  
  62  6:03  Refinery  
  62  6:04  SCV  
  62  6:09  SCV  
  64  6:16  SCV  
  65  6:21  SCV  
  65  6:23  Banshee  
  69  6:28  SCV  
  69  6:29  Supply Depot  
  69  6:31  Terran Vehicle Weapons Level 1, Supply Depot  
  67  6:33  SCV  
  67  6:38  Hellion x2  
  72  6:40  SCV  
  72  6:45  SCV  
  72  6:46  Factory Tech Lab  
  74  6:47  Factory Tech Lab  
  74  6:48  Barracks Reactor  
  74  6:51  Supply Depot  
  74  6:52  SCV  
  67  6:58  SCV  
  67  6:59  Hellion x2  
  68  7:05  SCV  
  69  7:10  SCV  
  70  7:17  SCV  
  70  7:18  Hellion x2  
  70  7:21  Hellion  
  77  7:25  Command Center  
  77  7:27  Hellion  
  77  7:29  SCV x2  
  79  7:41  SCV, Hellion  
  79  7:42  Hellion  
  75  7:48  Hellion  
  75  7:50  SCV  
  78  7:53  SCV  
  78  7:54  Thor  
  78  7:57  Factory, Liberator  
  78  7:58  Factory, Liberator  
  83  8:02  SCV  
  83  8:05  SCV  
  85  8:07  Infernal Pre-Igniter  
  85  8:14  SCV  
  85  8:17  SCV  
  93  8:21  Siege Tank  
  93  8:22  Hellion x2  
  93  8:27  SCV  
  101  8:29  SCV  
  102  8:38  Siege Tank  
  102  8:39  SCV  
  106  8:41  SCV  
  106  8:43  Hellion  
  106  8:44  Refinery  
  106  8:45  Refinery  
  106  8:46  Factory Tech Lab, Supply Depot  
  106  8:47  Supply Depot  
  109  8:48  Barracks Reactor  
  109  8:50  Factory Reactor  
  109  8:51  SCV  
  109  8:53  SCV, Hellion  
  109  8:55  Siege Tank  
  116  9:01  Orbital Command  
  116  9:03  SCV  
  116  9:08  SCV, Hellion  
  116  9:09  Missile Turret  
  120  9:11  Missile Turret  
  120  9:17  Siege Tank  
  120  9:18  SCV, Hellion  
  126  9:26  Missile Turret x2  
  126  9:27  Hellion  
  126  9:29  Hellion  
  130  9:32  Supply Depot  
  130  9:33  Supply Depot  
  130  9:35  SCV x3  
  133  9:39  Siege Tank  
  133  9:40  Hellion  
  123  9:54  SCV x2  
  123  9:55  SCV  
  123  9:58  Siege Tank x2  
  123  9:59  Hellion x2  
  136  10:06  SCV, Hellion  
  136  10:07  SCV  
  140  10:09  Missile Turret  
  140  10:11  SCV  
  141  10:18  SCV  
  142  10:27  Liberator  
  142  10:28  Thor  
  139  10:29  Hellion x2  
  139  10:30  Thor  
  139  10:32  Missile Turret  
  139  10:33  Viking  
  151  10:50  Hellion x2  
  151  10:54  Liberator  
  155  10:58  SCV x2  
  157  11:10  Supply Depot x3  
  157  11:11  Hellion x2  
  157  11:14  Armory  
  164  11:24  Hellion  
  164  11:25  Hellion  
  164  11:26  Hellion  
  164  11:27  Hellion  
  164  11:30  Hellion  
  160  11:33  Siege Tank, Hellion  
  159  11:46  Hellion x2  
  163  11:48  Command Center, Hellion  
  163  11:50  Sensor Tower  
  167  11:54  Hellion x2  
  167  11:57  Viking  
  171  12:08  Hellion x3, Missile Turret  
  180  12:12  Supply Depot  
Tags
 
Add a new tag
Caveats
  • Supply blocks, unpowered buildings, or Contaminate may cause inaccurate times.
  • Supply counts are checked every 10 seconds.